 Dungeon Crawl Stone Soup version 0.31-a0-236-g9a0961fb85 (webtiles) character file.

Game seed: 8867523585699361274

374 qw the Shooter (level 6, -1/37 HPs)
             Began as a Gargoyle Hexslinger on July 10, 2023.
             Slain by an iguana (11 damage)
             ... on level 4 of the Dungeon.
             The game lasted 00:01:43 (4045 turns).

qw the Shooter (Gargoyle Hexslinger)                Turns: 4045, Time: 00:01:43

Health: -1/37      AC:  9    Str: 12    XL:     6   Next: 72%
Magic:  7/7        EV: 11    Int: 13    God:
Gold:   457        SH:  5    Dex: 14    Spells: 6/7 levels left

rFire   . . .        Y - +2 sling
rCold   . . .        (no shield)
rNeg    + . .        d - +0 leather armour
rPois   inf          b - +1 helmet
rElec   +            (no cloak)
rCorr   .            (no gloves)
SInv    .            (no boots)
Will    .....        k - amulet of reflection
Stlth   +            (no ring)
HPRegen 0.26/turn    (no ring)
MPRegen 0.10/turn

%: reflection
@: about to teleport
A: sickness immunity, AC +4, negative energy resistance 1, electricity
resistance, torment resistance 1, petrification resistance
a: no special abilities


You were on level 4 of the Dungeon.
You visited 1 branch of the dungeon, and saw 5 of its levels.
You also visited: Ossuary.

You collected 457 gold pieces.


Innate Abilities, Weirdness & Mutations

You are immune to sickness and miasma.
Your stone body is resilient. (AC +4)
You are immune to poison.
You resist negative energy. (rN+)
You are resistant to electric shocks. (rElec)
You are resistant to unholy torment.
You are immune to petrification.


   Skills:
 + Level 3.0 Fighting
 - Level 6.1 Ranged Weapons
 - Level 1.3 Armour
 - Level 1.5 Dodging
 - Level 1.0 Spellcasting
 - Level 2.6 Hexes


You had 6 spell levels left.
You knew the following spells:

 Your Spells              Type           Power      Damage    Failure   Level
a - Slow                  Hex            28%        N/A       12%         1

Your spell library contained the following spells:

 Spells                   Type           Power      Damage    Failure   Level
 Inner Flame              Hex/Fire       4%         N/A       52%         3
 Portal Projectile        Hex/Tloc       8%         N/A       52%         3
 Cause Fear               Hex            3%         N/A       75%         4

Inventory:

Hand Weapons
 Y - a +2 sling (weapon)
Armour
 b - a +1 helmet (worn)
 d - a +0 leather armour (worn)
Jewellery
 k - an amulet of reflection (around neck)
Scrolls
 i - a scroll of identify
Potions
 e - 2 potions of enlightenment
 g - 5 potions of curing
 n - a potion of mutation {unknown}

Dungeon Overview and Level Annotations

Branches:
Dungeon (5/15)            Ossuary (visited)
 Temple: D:4-7

Altars:
Ashenzari

Annotations:
D:4 2 transporters, qw's ghost, amateur GrHs


Message History

You kill the hound!
The iguana bites you but does no damage.
Your Armour skill increases to level 1!
You shoot a sling bullet.
The sling bullet hits the iguana but does no damage.
The iguana bites you but does no damage.
You shoot a sling bullet.
The sling bullet hits the iguana but does no damage.
The iguana closely misses you. You block the iguana's attack.
You shoot a sling bullet.
The sling bullet hits the iguana but does no damage.
The iguana misses you.
You shoot a sling bullet.
The sling bullet closely misses the iguana.
You block the iguana's attack.
You shoot a sling bullet. The sling bullet hits the iguana.
The iguana is lightly wounded.
The iguana bites you!
You shoot a sling bullet.
The sling bullet hits the iguana but does no damage.
The iguana is lightly wounded.
You block the iguana's attack.
You shoot a sling bullet. The sling bullet hits the iguana.
The iguana is moderately wounded.
The iguana barely misses you.
You shoot a sling bullet.
The sling bullet barely misses the iguana.
The iguana bites you but does no damage.
You shoot a sling bullet.
The sling bullet barely misses the iguana.
The iguana bites you but does no damage.
The iguana bites you!
4044 ||| READING scroll of teleportation.
As you read the scroll of teleportation, it crumbles to dust.
You feel strangely unstable. You block the iguana's attack.
You shoot a sling bullet. The sling bullet hits the iguana.
The iguana is heavily wounded.
The iguana bites you!
You die...

###.## ##...#
#........ ##..#
##..## ##.../....
#..### #...#
#......... #....##
##..## #.........
#.....# ###....##
##...(.... #.....#
#.......# #........
#.....# #.......##
##....... ##.....#
#.l......# #.......
#......# ##.%@.....##
##...... ######.#
#..........###.......
###
#....................
#.............7P.....
#............7.P.....
#...........P7...#...
#...............##...
#..............##....
####
#..............#...##


You could see an iguana.

Vanquished Creatures
  A scorpion (D:4)
  2 hounds (D:4)
  9 mummies
  A gnoll (D:2)
  5 adders
  3 worms
  2 dart slugs (D:1)
  An orc (D:3)
  3 endoplasms
  2 giant cockroaches
  7 goblins
  3 hobgoblins
  9 jackals
  7 kobolds
  2 quokkas
  7 ball pythons
  3 bats
  4 frilled lizards (D:2)
  2 hobgoblin zombies
  3 kobold zombies (Ossuary)
  5 orc zombies
  5 rats
86 creatures vanquished.

Notes
Turn   | Place    | Note
-------+----------+-------------------------------------------
     0 | D:1      | qw the Gargoyle Hexslinger began the quest for the Orb.
     0 | D:1      | Reached XP level 1. HP: 12/12 MP: 2/2
     0 | D:1      | 0 ||| qw: Version: 0.3-a-52-g30416fa
     0 | D:1      | 0 ||| qw: Game counter: 4682
     0 | D:1      | 0 ||| qw: Melee chars always use a shield: true
     0 | D:1      | 0 ||| qw: God list: Okawaru
     0 | D:1      | 0 ||| qw: Allow faded altars: false
     0 | D:1      | 0 ||| qw: Do Orc after clearing Dungeon:15 true
     0 | D:1      | 0 ||| qw: Do second Lair branch before Depths: true
     0 | D:1      | 0 ||| qw: Lair rune preference: random
     0 | D:1      | 0 ||| qw: Goals: Normal
     0 | D:1      | 0 ||| PLANNING D:1-11
   107 | D:1      | Reached XP level 2. HP: 16/16 MP: 3/3
   121 | D:1      | Reached skill level 3 in Ranged Weapons
   264 | D:1      | Found a faded altar of an unknown god.
   598 | D:1      | 598 ||| UPGRADING to +0 leather armour.
   608 | D:1      | 608 ||| DROPPING +0 robe.
   609 | D:1      | 609 ||| READING 2 scrolls labelled REPRISOATI.
   613 | D:1      | 613 ||| READING 2 scrolls labelled LUL UNEULUNA.
   614 | D:1      | 614 ||| READING scroll labelled UMMUTWOIGI.
   615 | D:1      | 615 ||| READING scroll labelled PEOXAXT WUNUE.
   616 | D:1      | 616 ||| READING scroll labelled AJIPEL VEUSS.
   717 | D:1      | 717 ||| DROPPING scroll of poison.
   718 | D:1      | 718 ||| DROPPING scroll of blinking.
   746 | D:2      | Reached XP level 3. HP: 21/21 MP: 4/4
  1196 | D:2      | Reached XP level 4. HP: 26/26 MP: 5/5
  1211 | D:2      | Reached skill level 4 in Ranged Weapons
  1656 | D:2      | 1656 ||| READING scroll labelled DOUSTE ESUA.
  1657 | D:2      | 1657 ||| READING scroll labelled HUODGH YXKYCK.
  1658 | D:2      | 1658 ||| READING scroll labelled GAIWAFUELO.
  1659 | D:2      | 1659 ||| DRINKING 2 sedimented amethyst potions.
  1975 | D:3      | Reached XP level 5. HP: 19/30 MP: 6/6
  2426 | D:3      | 2426 ||| UPGRADING to amulet of reflection.
  2431 | D:3      | 2431 ||| READING scroll labelled KUPOXT DIBRELU.
  2452 | D:3      | 2452 ||| READING 2 scrolls labelled CIEBBO QUYMEIB.
  2453 | D:3      | 2453 ||| READING scroll labelled WES SIVUKE.
  2454 | D:3      | 2454 ||| DRINKING 2 blue potions.
  2455 | D:3      | 2455 ||| DROPPING scroll of butterflies.
  2463 | D:4      | 2463 ||| PLANNING OSSUARY
  2537 | D:4      | HP: 6/30 [hound (5)]
  2538 | D:4      | 2538 ||| READING 2 scrolls of teleportation.
  2539 | D:4      | 2539 ||| DRINKING potion of heal wounds.
  2542 | D:4      | Found a broken altar of Ashenzari.
  2543 | D:4      | Reached skill level 5 in Ranged Weapons
  2818 | D:4      | Found a transporter.
  2818 | D:4      | Found a transporter.
  2818 | D:4      | Noticed qw's ghost (amateur GrHs)
  2961 | D:4      | Found a sand-covered staircase.
  3013 | D:4      | 3013 ||| UPGRADING to +0 helmet.
  3018 | D:4      | 3018 ||| READING scroll of enchant armour.
  3018 | D:4      | 3018 ||| ENCHANTING +0 helmet.
  3019 | D:4      | 3019 ||| DRINKING 2 smoky coppery potions.
  3055 | D:4      | 3055 ||| DROPPING potion of lignification.
  3059 | Ossuary  | Entered an ossuary
  3100 | Ossuary  | HP: 7/32 [mummy (13)]
  3101 | Ossuary  | 3101 ||| READING 3 scrolls of teleportation.
  3105 | Ossuary  | 3105 ||| READING 2 scrolls of teleportation.
  3108 | Ossuary  | HP: 4/32 [mummy (5)]
  3208 | Ossuary  | Reached skill level 3 in Fighting
  3221 | Ossuary  | Reached XP level 6. HP: 26/37 MP: 7/7
  3571 | Ossuary  | 3571 ||| DRINKING 3 bubbling white potions.
  3572 | Ossuary  | 3572 ||| DRINKING 2 silvery potions.
  3573 | Ossuary  | 3573 ||| DRINKING 2 coppery potions.
  3574 | Ossuary  | 3574 ||| DRINKING 2 lumpy blue potions.
  3575 | Ossuary  | 3575 ||| READING 4 scrolls of identify.
  3575 | Ossuary  | 3575 ||| IDENTIFYING fizzy coppery potion
  3576 | Ossuary  | 3576 ||| READING 3 scrolls of identify.
  3576 | Ossuary  | 3576 ||| IDENTIFYING purple potion
  3577 | Ossuary  | 3577 ||| READING 2 scrolls of identify.
  3577 | Ossuary  | 3577 ||| IDENTIFYING cyan potion
  3578 | Ossuary  | 3578 ||| DROPPING potion of magic.
  3579 | Ossuary  | 3579 ||| DROPPING potion of brilliance.
  3580 | Ossuary  | 3580 ||| DROPPING potion of berserk rage.
  3581 | Ossuary  | 3581 ||| DROPPING potion of invisibility.
  3582 | Ossuary  | 3582 ||| DROPPING potion of ambrosia.
  3583 | Ossuary  | 3583 ||| DROPPING potion of attraction.
  3606 | D:4      | 3606 ||| PLANNING D:1-11
  3684 | D:4      | Reached skill level 6 in Ranged Weapons
  4019 | D:5      | Entered Level 5 of the Dungeon
  4029 | D:5      | 4029 ||| STAIRDANCE
  4035 | D:4      | Reached skill level 1 in Armour
  4043 | D:4      | HP: 9/37 [iguana (10)]
  4044 | D:4      | 4044 ||| READING scroll of teleportation.
  4045 | D:4      | Slain by an iguana

Levels and vault maps discovered:
D:1:      amcnicky_arrival_single_pillar, layout_loops_cross,
          basic_ecumenical_altar
D:2:      kennysheep_big_flooded_room, layout_loops_ring
D:3:      minmay_evil_eye, layout_loops_ring, chequers_serial_rivers_micro_b
D:4:      layout_cave_pods, nicolae_ashenzari_panopticon, gammafunk_ghost_arena,
          nicolae_ossuary_entry_giza, serial_park_tiny_2, minmay_misc_feat_alley
D:5:      layout_cave_pools, kiku_gazebo_pond_becter,
          nicolae_vehumet_altar_sigil, biasface_ghost_orc_armoury,
          kennysheep_generic_room_8

Skill      XL: |  1  2  3  4  5  6 |
---------------+-------------------+-----
Ranged Weapons | 3 4 5 6 |  6.1
Fighting       | 2 3 |  3.0
Armour         | 1 |  1.3
Dodging        | |  1.5
Spellcasting   | |  1.0
Hexes          | |  2.6

Action                     |  1- 3 |  4- 6 || total
---------------------------+-------+-------++-------
   Fire: Sling             |   100 |   339 ||   439
    Use: Scroll            |     5 |    14 ||    19
         Potion            |       |     8 ||     8
 Armour: Robe              |    21 |       ||    21
         Leather armour    |    11 |    73 ||    84
  Dodge: Dodged            |    25 |   106 ||   131
  Block: Other             |       |    47 ||    47
         Reflection        |       |     1 ||     1

Table legend:
 A = Non-vault XP
 B = Vault XP
 C = Vault XP percentage of total XP
 D = Non-vault monster count
 E = Vault monster count
 F = Vault count percentage of total count
                 A         B        C        D         E       F
            +---------+---------+-------+---------+---------+-------
      Total |     326 |     209 |  39.1 |      61 |      25 |  29.1
            +---------+---------+-------+---------+---------+-------
        D:1 |      31 |       0 |   0.0 |      17 |       0 |   0.0
        D:2 |      56 |      29 |  34.1 |      18 |       2 |  10.0
        D:3 |      48 |      10 |  17.2 |      15 |       4 |  21.1
        D:4 |     191 |      20 |   9.5 |      11 |       3 |  21.4
    Ossuary |       0 |     150 | 100.0 |       0 |      16 | 100.0
            +---------+---------+-------+---------+---------+-------
